MID
ATLANTA (MID) BRAVES @ SOUTH BEND CUBS
06/10/2048
 
TOP OF THE 1ST
Atlanta (MID) Braves batting - Pitching for South Bend Cubs : RHP Roberto Cruz
Pitching: RHP Roberto Cruz
Batting: RHB Toki Takeuchi 0-0: Called Strike
0-1: Ball
1-1: Swinging Strike
1-2: Ball
2-2: Foul Ball, location: 2F
2-2: Strikes out looking and he physically ARGUES THE CALL AND IS TOSSED!
Batting: RHB Nick Holsinger 0-0: Ground out 6-3 (Groundball, 6, EV 86.9 MPH)
Batting: RHB Zheng-ze King 0-0: Called Strike
0-1: Ball
1-1: Foul Ball, location: 2F
1-2: Ball
2-2: Ball
3-2: Fly out, F9 (Flyball, 9LSF, EV 79.4 MPH)
Top of the 1st over - 0 runs, 0 hits, 0 errors, 0 left on base; Atlanta (MID) 0 - South Bend 0
BOTTOM OF THE 1ST
South Bend Cubs batting - Pitching for Atlanta (MID) Braves : RHP Jeremy Hurley
Pitching: RHP Jeremy Hurley
Now in CF: George Provance
Batting: RHB Andy Huntley 0-0: Foul Ball, location: 2F
0-1: Ball
1-1: Ground out 3-1 (Groundball, 13, EV 93.1 MPH)
Batting: RHB Taylor Garofalo 0-0: Called Strike
0-1: Ball
1-1: Foul Ball, location: 2F
1-2: Foul Ball, location: 2F
1-2: Strikes out swinging
Batting: RHB Roy Battist 0-0: Ball
1-0: Ball
2-0: Fly out, F8 (Flyball, 78D, EV 97.5 MPH)
Bottom of the 1st over - 0 runs, 0 hits, 0 errors, 0 left on base; Atlanta (MID) 0 - South Bend 0
TOP OF THE 2ND
Atlanta (MID) Braves batting - Pitching for South Bend Cubs : RHP Roberto Cruz
Batting: SHB Richello Badua 0-0: Foul Ball, location: 2F
0-1: Ball
1-1: Ground out 3-1 (Groundball, 34, EV 103.1 MPH)
Batting: RHB Josh McCormick 0-0: Ball
1-0: Foul Ball, location: 2F
1-1: SOLO HOME RUN (Flyball, 78XD, EV 99.4 MPH), Distance : 407 ft
Batting: LHB Oke Monti 0-0: Ball
1-0: Called Strike
1-1: Ball
2-1: Foul Ball, location: 2F
2-2: Ball
3-2: Base on Balls
Batting: LHB Ryan Murdock 0-0: Fly out, F7 (Flyball, 78M, EV 87.5 MPH)
Batting: RHB Gerard Michel 0-0: Foul Ball, location: 2F
0-1: Ball
1-1: Ball
2-1: Ball
3-1: Called Strike
3-2: SINGLE (Groundball, 56D, EV 105.6 MPH)
Oke Monti to second
Oke Monti to third
Batting: LHB Joe Phillips 0-0: Ball
1-0: Ground out 4-3 (Groundball, 4, EV 85.6 MPH)
Top of the 2nd over - 1 run, 2 hits, 0 errors, 2 left on base; Atlanta (MID) 1 - South Bend 0
BOTTOM OF THE 2ND
South Bend Cubs batting - Pitching for Atlanta (MID) Braves : RHP Jeremy Hurley
Batting: RHB Puluke Konane 0-0: Called Strike
0-1: Ball
1-1: Foul Ball, location: 2F
1-2: Strikes out looking
Batting: RHB Dylan Burke 0-0: Swinging Strike
0-1: Ball
1-1: Ball
2-1: Ball
3-1: Called Strike
3-2: Ground out 6-3 (Groundball, 56, EV 104.4 MPH)
Batting: RHB Josh Burns 0-0: SINGLE (Groundball, 56S, EV 72.5 MPH) (infield hit)
Batting: LHB Adam Conover 0-0: Ball
1-0: Ball
2-0: Ball
3-0: Base on Balls
Josh Burns to second
Batting: RHB Hugo Torrez 0-0: Ball
1-0: Ball
2-0: Fly out, F9 (Flyball, 9S, EV 90.6 MPH)
Bottom of the 2nd over - 0 runs, 1 hit, 0 errors, 2 left on base; Atlanta (MID) 1 - South Bend 0
TOP OF THE 3RD
Atlanta (MID) Braves batting - Pitching for South Bend Cubs : RHP Roberto Cruz
Batting: RHB George Provance 0-0: Ball
1-0: Foul Ball, location: 2F
1-1: SINGLE (Groundball, 15S, EV 67.5 MPH) (infield hit)
Batting: RHB Nick Holsinger 0-0: Ball
1-0: Ball
George Provance is caught stealing 2nd base 2-4
2-0: Ground out 6-3 (Groundball, 6, EV 84.4 MPH)
Batting: RHB Zheng-ze King 0-0: Foul Ball, location: 2F
0-1: Fly out, F8 (Flyball, 8LM, EV 78.8 MPH)
Top of the 3rd over - 0 runs, 1 hit, 0 errors, 0 left on base; Atlanta (MID) 1 - South Bend 0
BOTTOM OF THE 3RD
South Bend Cubs batting - Pitching for Atlanta (MID) Braves : RHP Jeremy Hurley
Batting: LHB Hiroki Yamamoto 0-0: Ball
1-0: Ground out U3 (Groundball, 3, EV 106.2 MPH)
Batting: RHB Andy Huntley 0-0: Ball
1-0: Ball
2-0: Ball
3-0: Called Strike
3-1: SINGLE (Groundball, 34D, EV 96.2 MPH)
Batting: RHB Taylor Garofalo 0-0: Called Strike
0-1: Ball
1-1: Swinging Strike
1-2: Foul Ball, location: 2F
1-2: Foul Ball, location: 2F
1-2: Ball
2-2: Ball
3-2: Strikes out swinging
Andy Huntley steals 2nd base
Batter strikes out.
Batting: RHB Roy Battist 0-0: SINGLE (Groundball, 4MD, EV 98.8 MPH)
Andy Huntley to third
Runner from 3rd tries for Home, SAFE, throw by CF to home
Batting: RHB Puluke Konane 0-0: Fielders Choice at 2nd, 6-4 (Groundball, 6, EV 88.1 MPH)
Bottom of the 3rd over - 1 run, 2 hits, 0 errors, 1 left on base; Atlanta (MID) 1 - South Bend 1
TOP OF THE 4TH
Atlanta (MID) Braves batting - Pitching for South Bend Cubs : RHP Roberto Cruz
Batting: SHB Richello Badua 0-0: Called Strike
0-1: Foul Ball, location: 2F
0-2: Ball
1-2: Fly out, F8 (Flyball, 8RM, EV 83.1 MPH)
Batting: RHB Josh McCormick 0-0: Ball
1-0: DOUBLE (Line Drive, 9LM, EV 98.8 MPH)
Batting: LHB Oke Monti 0-0: Called Strike
0-1: Ball
1-1: Foul Ball, location: 2F
1-2: SINGLE (Line Drive, 6MD, EV 96.2 MPH)
Josh McCormick to third
Runner from 3rd tries for Home, SAFE, throw by CF to home
Batting: LHB Ryan Murdock 0-0: Called Strike
0-1: Fly out, F9 (Flyball, 9LM, EV 91.9 MPH)
Batting: RHB Gerard Michel 0-0: Fielders Choice at 2nd, 6-4 (Groundball, 6, EV 107.5 MPH)
Top of the 4th over - 1 run, 2 hits, 0 errors, 1 left on base; Atlanta (MID) 2 - South Bend 1
BOTTOM OF THE 4TH
South Bend Cubs batting - Pitching for Atlanta (MID) Braves : RHP Jeremy Hurley
Batting: RHB Dylan Burke 0-0: Ball
1-0: Foul Ball, location: 2F
1-1: Ball
2-1: Ball
3-1: Foul Ball, location: 2F
3-2: Base on Balls
Batting: RHB Josh Burns 0-0: Called Strike
0-1: Swinging Strike
0-2: Ball
1-2: Foul Ball, location: 2F
1-2: Strikes out looking
Batting: LHB Adam Conover 0-0: Ball
1-0: Fly out, F7 (Flyball, 78D, EV 101.2 MPH)
Batting: RHB Hugo Torrez 0-0: Called Strike
0-1: Ball
1-1: Foul Ball, location: 2F
1-2: Ball
2-2: Strikes out swinging
Bottom of the 4th over - 0 runs, 0 hits, 0 errors, 1 left on base; Atlanta (MID) 2 - South Bend 1
TOP OF THE 5TH
Atlanta (MID) Braves batting - Pitching for South Bend Cubs : RHP Roberto Cruz
Batting: LHB Joe Phillips 0-0: Ball
1-0: Fly out, F7 (Flyball, 78S, EV 90.6 MPH)
Batting: RHB George Provance 0-0: SINGLE (Groundball, 56, EV 103.1 MPH)
Batting: RHB Nick Holsinger 0-0: Ball
1-0: Called Strike
George Provance is caught stealing 2nd base 2-4
1-1: Foul Ball, location: 2F
1-2: Foul Ball, location: 2F
1-2: Foul Ball, location: 2F
1-2: Ball
2-2: Ball
3-2: Strikes out swinging
Top of the 5th over - 0 runs, 1 hit, 0 errors, 0 left on base; Atlanta (MID) 2 - South Bend 1
BOTTOM OF THE 5TH
South Bend Cubs batting - Pitching for Atlanta (MID) Braves : RHP Jeremy Hurley
Batting: LHB Hiroki Yamamoto 0-0: Ball
1-0: Ball
2-0: Ground out 4-3 (Groundball, 4, EV 89.4 MPH)
Pitching: RHP Kevin Zika
Batting: RHB Andy Huntley 0-0: Ball
1-0: DOUBLE (Flyball, 89D, EV 110.0 MPH)
Batting: RHB Taylor Garofalo 0-0: TRIPLE (Line Drive, 8LXD, EV 100.0 MPH)
Andy Huntley scores
Batting: RHB Roy Battist 0-0: Ball
1-0: Foul Ball, location: 2F
1-1: Ball
2-1: Ball
3-1: Base on Balls
Batting: RHB Puluke Konane 0-0: Single, Error in OF, E7, batter to second base (Groundball, 56, EV 98.8 MPH)
Taylor Garofalo scores
Roy Battist to third
Batting: RHB Dylan Burke 0-0: Ball
1-0: Called Strike
1-1: Ball
2-1: Fly out, F7 (Line Drive, 7S, EV 98.1 MPH)
Batting: RHB Josh Burns 0-0: Called Strike
0-1: Called Strike
0-2: SINGLE (Line Drive, 56, EV 101.2 MPH)
Roy Battist scores
Puluke Konane to third
Batting: LHB Adam Conover 0-0: Called Strike
0-1: Ball
1-1: DOUBLE (Line Drive, 78D, EV 100.0 MPH)
Puluke Konane scores
Josh Burns to third
Pitching: LHP Steve Young
Batting: RHB Hugo Torrez 0-0: Ball
1-0: Ball
2-0: Foul Ball, location: 2F
2-1: Foul Ball, location: 2F
2-2: Strikes out swinging
Bottom of the 5th over - 4 runs, 5 hits, 1 error, 2 left on base; Atlanta (MID) 2 - South Bend 5
TOP OF THE 6TH
Atlanta (MID) Braves batting - Pitching for South Bend Cubs : RHP Roberto Cruz
Batting: RHB Zheng-ze King 0-0: Ball
1-0: SINGLE (Line Drive, 8RS, EV 95.0 MPH)
Batting: SHB Richello Badua 0-0: Called Strike
Zheng-ze King steals 2nd, throwing error, E2
Zheng-ze King to third
0-1: Called Strike
0-2: Ball
1-2: Strikes out swinging
Batting: RHB Josh McCormick 0-0: Foul Ball, location: 2F
0-1: Foul Ball, location: 2F
0-2: Strikes out swinging
Batting: LHB Oke Monti 0-0: Ball
1-0: Ball
2-0: Foul Ball, location: 2F
2-1: Ball
3-1: Foul Ball, location: 2F
3-2: SINGLE (Groundball, 4D, EV 105.6 MPH)
Zheng-ze King scores
Pitching: LHP Tom Mooney
Batting: LHB Ryan Murdock 0-0: Swinging Strike
0-1: Ball
1-1: Ball
2-1: Ball
3-1: Base on Balls
Oke Monti to second
Pinch Runner at 2nd Badr al Din Ridha:
Batting: RHB Gerard Michel 0-0: Ball
1-0: Fielders Choice at 2nd, 6-4 (Groundball, 6, EV 83.8 MPH)
Top of the 6th over - 1 run, 2 hits, 1 error, 2 left on base; Atlanta (MID) 3 - South Bend 5
BOTTOM OF THE 6TH
South Bend Cubs batting - Pitching for Atlanta (MID) Braves : LHP Steve Young
Batting: LHB Hiroki Yamamoto 0-0: SINGLE (Line Drive, 34, EV 95.0 MPH)
Batting: RHB Andy Huntley 0-0: Fielders Choice at 2nd, 6-4 (Groundball, 6, EV 105.0 MPH)
Batting: RHB Taylor Garofalo 0-0: Ball
1-0: Swinging Strike
1-1: Foul Ball, location: 2F
1-2: Strikes out swinging
Batting: RHB Roy Battist 0-0: Ball
1-0: Ball
2-0: Swinging Strike
2-1: Ball
3-1: Base on Balls
Andy Huntley to second
Batting: RHB Puluke Konane 0-0: Called Strike
0-1: Foul Ball, location: 2F
0-2: Ball
1-2: Ball
2-2: Foul Ball, location: 2F
2-2: Strikes out swinging
Bottom of the 6th over - 0 runs, 1 hit, 0 errors, 2 left on base; Atlanta (MID) 3 - South Bend 5
TOP OF THE 7TH
Atlanta (MID) Braves batting - Pitching for South Bend Cubs : LHP Tom Mooney
Batting: LHB Joe Phillips 0-0: Ball
1-0: Reached on error, E4 (Groundball, 4, EV 101.2 MPH)
Batting: RHB George Provance 0-0: Ball
1-0: Bunted foul
1-1: Bunted foul
1-2: Foul Ball, location: 2F
1-2: SINGLE (Groundball, 4MD, EV 101.9 MPH)
Joe Phillips to second
Pinch Runner at 2nd Phil Holman:
Batting: RHB Nick Holsinger 0-0: Called Strike
0-1: Called Strike
0-2: Strikes out swinging
Batting: RHB Zheng-ze King 0-0: Ball
Phil Holman steals 3rd base
George Provance to second
1-0: Foul Ball, location: 2F
1-1: Foul Ball, location: 2F
1-2: Foul Ball, location: 2F
1-2: Foul Ball, location: 2F
1-2: Ball
2-2: Foul Ball, location: 2F
2-2: SINGLE (Groundball, 6MD, EV 101.2 MPH)
Phil Holman scores
George Provance to third
Runner from 3rd tries for Home, SAFE, throw by CF to home
Zheng-ze King to second
Batting: SHB Richello Badua 0-0: Ball
1-0: Ball
2-0: Ball
3-0: Called Strike
3-1: Called Strike
3-2: Ground out 4-3 (Groundball, 4, EV 86.9 MPH)
Zheng-ze King to third
Batting: RHB Josh McCormick 0-0: Called Strike
0-1: Foul Ball, location: 2F
0-2: Foul Ball, location: 2F
0-2: Foul Ball, location: 2F
0-2: Ball
1-2: Ball
2-2: Ball
3-2: Ground out 5-3 (Groundball, 56S, EV 78.8 MPH)
Top of the 7th over - 2 runs, 2 hits, 1 error, 1 left on base; Atlanta (MID) 5 - South Bend 5
BOTTOM OF THE 7TH
South Bend Cubs batting - Pitching for Atlanta (MID) Braves : LHP Steve Young
Pitching: LHP Darius Brown
Now at 2B: Phil Holman
Now at 3B: Gerard Michel
Now at SS: Zheng-ze King
Batting: RHB Dylan Burke 0-0: Ball
1-0: Ball
2-0: Ball
3-0: Base on Balls
Batting: RHB Josh Burns 0-0: Sac Bunt to 23 - play at first, batter OUT! 3-4
Dylan Burke to second
Batting: LHB Adam Conover 0-0: Called Strike
0-1: Foul Ball, location: 2F
0-2: Strikes out swinging
Batting: RHB Hugo Torrez 0-0: Intentional Walk
Batting: LHB Hiroki Yamamoto 0-0: Ball
1-0: Fielders Choice at 2nd, 6-4 (Groundball, 56, EV 83.8 MPH)
Bottom of the 7th over - 0 runs, 0 hits, 0 errors, 2 left on base; Atlanta (MID) 5 - South Bend 5
TOP OF THE 8TH
Atlanta (MID) Braves batting - Pitching for South Bend Cubs : LHP Tom Mooney
Pitching: LHP Eddie Panagos
Batting: RHB Badr al Din Ridha 0-0: Ball
1-0: SINGLE (Line Drive, 9S, EV 98.8 MPH)
Batting: LHB Ryan Murdock 0-0: Called Strike
0-1: Ball
1-1: Ball
2-1: Foul Ball, location: 2F
2-2: Ball
3-2: Base on Balls
Badr al Din Ridha to second
Batting: RHB Gerard Michel 0-0: Bunted foul
0-1: Bunted foul
0-2: SINGLE (Groundball, 6MD, EV 102.5 MPH)
Badr al Din Ridha to third
Ryan Murdock to second
Batting: RHB Phil Holman 0-0: Foul Ball, location: 2F
0-1: SINGLE (Flyball, 6D, EV 95.0 MPH)
Badr al Din Ridha scores
Ryan Murdock to third
Gerard Michel to second
Batting: RHB George Provance 0-0: Ball
1-0: DOUBLE (Line Drive, 78XD, EV 106.9 MPH)
Ryan Murdock scores
Gerard Michel scores
Phil Holman to third
Runner from 3rd tries for Home, SAFE, no throw by CF
Pitching: RHP Angel Pesina
Batting: RHB Nick Holsinger 0-0: Called Strike
0-1: Ball
1-1: Swinging Strike
1-2: Strikes out looking
Batting: RHB Zheng-ze King 0-0: Ball
1-0: Ball
2-0: Called Strike
2-1: Foul Ball, location: 2F
2-2: Foul Ball, location: 2F
2-2: Foul Ball, location: 2F
2-2: Ball
3-2: Base on Balls
Batting: SHB Richello Badua 0-0: 3-RUN HOME RUN (Flyball, 9LD, EV 95.6 MPH), Distance : 362 ft
Batting: RHB Josh McCormick 0-0: Called Strike
0-1: Ball
1-1: Ball
2-1: Fly out, F8 (Flyball, 8RM, EV 95.0 MPH)
Batting: RHB Badr al Din Ridha 0-0: Ball
1-0: Ball
2-0: Ground out 4-3 (Groundball, P, EV 94.4 MPH)
Top of the 8th over - 7 runs, 5 hits, 0 errors, 0 left on base; Atlanta (MID) 12 - South Bend 5
BOTTOM OF THE 8TH
South Bend Cubs batting - Pitching for Atlanta (MID) Braves : LHP Darius Brown
Batting: RHB Andy Huntley 0-0: Swinging Strike
0-1: Ball
1-1: Ball
2-1: Foul Ball, location: 2F
2-2: Ball
3-2: Strikes out swinging
Batting: RHB Taylor Garofalo 0-0: Fly out, F8 (Flyball, 8LD, EV 104.4 MPH)
Batting: RHB Roy Battist 0-0: Foul Ball, location: 2F
0-1: Foul Ball, location: 2F
0-2: Ball
1-2: Strikes out swinging
Bottom of the 8th over - 0 runs, 0 hits, 0 errors, 0 left on base; Atlanta (MID) 12 - South Bend 5
TOP OF THE 9TH
Atlanta (MID) Braves batting - Pitching for South Bend Cubs : RHP Angel Pesina
Pinch Hitting: RHB Adonis Jenifer 0-0: Called Strike
0-1: Ball
1-1: Fly out, F9 (Flyball, 9D, EV 92.5 MPH)
Pitching: RHP Rob Craft
Batting: RHB Gerard Michel 0-0: Foul Ball, location: 2F
0-1: Ground out 6-3 (Groundball, 6, EV 107.5 MPH)
Batting: RHB Phil Holman 0-0: Called Strike
0-1: Ball
1-1: DOUBLE (Line Drive, 5D, EV 99.4 MPH)
Pinch Runner at 2nd Armando Moz:
Batting: RHB George Provance 0-0: Called Strike
0-1: Ball
1-1: Ball
Wild Pitch!
Armando Moz to third
2-1: Foul Ball, location: 2F
2-2: Strikes out swinging, 2-3 out at first.
Top of the 9th over - 0 runs, 1 hit, 0 errors, 1 left on base; Atlanta (MID) 12 - South Bend 5
BOTTOM OF THE 9TH
South Bend Cubs batting - Pitching for Atlanta (MID) Braves : LHP Darius Brown
Now at 2B: Malik Boulay
Now in LF: Richello Badua
Now in RF: Adonis Jenifer
Batting: RHB Puluke Konane 0-0: Ball
1-0: Swinging Strike
1-1: Called Strike
1-2: Strikes out swinging
Batting: RHB Dylan Burke 0-0: Ball
1-0: Ground out 5-3 (Groundball, 56, EV 81.9 MPH)
Batting: RHB Josh Burns 0-0: Called Strike
0-1: Called Strike
0-2: Ball
1-2: Foul Ball, location: 2F
1-2: Ball
2-2: SINGLE (Groundball, 56D, EV 105.0 MPH)
Batting: LHB Adam Conover 0-0: Ball
1-0: Foul Ball, location: 2F
1-1: SINGLE (Groundball, 4MD, EV 103.8 MPH)
Josh Burns to second
Batting: RHB Hugo Torrez 0-0: Fielders Choice at 2nd, 6-4 (Groundball, 6, EV 89.4 MPH)
Bottom of the 9th over - 0 runs, 2 hits, 0 errors, 2 left on base; Atlanta (MID) 12 - South Bend 5
Tuesday, March 28th , 2023 - OOTP Baseball 23.10 Build 110